 Dungeon Crawl Stone Soup version 0.20.1-1-g8b1a95d (webtiles) character file.

7489 letownia2 the Protected (level 11, -4/71 HPs)
             Began as a Gargoyle Wizard on Jan 2, 2018.
             Was an Initiate of Gozag.
             Slain by a centaur (6 damage)
             ... in a volcano.
             The game lasted 00:33:38 (9339 turns).

letownia2 the Protected (Gargoyle Wizard)           Turns: 9339, Time: 00:33:39

Health: -4/71      AC: 17    Str: 14    XL:     11   Next: 16%
Magic:  12/23      EV: 11    Int: 19    God:    Gozag
Gold:   630        SH:  5    Dex: 12    Spells: 12/26 levels left

rFire    . . .     SeeInvis .   a - +0 whip (elec)
rCold    . . .     Gourm    .   D - +0 buckler
rNeg     + . .     Faith    .   v - +0 ring mail
rPois    ∞         Spirit   .   O - +0 helmet
rElec    +         Reflect  .   w - scarf {cloud immunity}
rCorr    +         Harm     .   (no gloves)
MR       .....                  j - +0 pair of boots
Stlth    +.........             (no amulet)
Regen    0.3/turn               C - ring of resist corrosion
MPRegen  0.2/turn               F - +4 ring of dexterity

@: gold aura, very slightly contaminated
A: negative energy resistance 1, electricity resistance, unbreathing,
petrification resistance, rot immunity, AC +7
a: Potion Petition, Call Merchant, Bribe Branch, Renounce Religion


You were in a volcano.
You worshipped Gozag.
Gozag was pleased with you.
You were not hungry.

You visited 3 branches of the dungeon, and saw 12 of its levels.
You also visited: Sewer and Volcano.

You collected 1999 gold pieces.
You paid 1369 gold pieces to Gozag.

Inventory:

Hand Weapons
 a - a +0 whip of electrocution (weapon)
 n - a +0 dagger
 q - a +3 trident
 H - a +0 shortbow
 Z - a +0 whip of flaming
Missiles
 t - 123 bolts
 I - 17 arrows
Armour
 j - a +0 pair of boots (worn)
 v - a +0 ring mail (worn)
 w - a scarf of cloud immunity (worn)
 A - a +2 robe of magic resistance
 D - a +0 buckler (worn)
 O - a +0 helmet (worn)
 R - the +4 chain mail of the Sailor {Dex+4 Slay+3}
   (You found it on level 6 of the Dungeon)

   It affects your dexterity (+4).
   It affects your accuracy and damage with ranged weapons and melee attacks
   (+3).
Magical Staves
 d - an uncursed staff of power
Jewellery
 C - a ring of resist corrosion (left hand)
 F - a +4 ring of dexterity (right hand)
Wands
 m - a wand of disintegration (8/24)
 p - a wand of digging (10/24)
 y - a wand of random effects (23/48)
 P - a wand of lightning (0/15)
Scrolls
 e - a scroll of fog
 i - 2 scrolls of identify
 l - 6 scrolls of teleportation
 r - a scroll of fear
 s - a scroll of amnesia
 u - 4 scrolls of remove curse
 z - 2 scrolls of noise {unknown}
 B - a scroll of recharging {unknown}
 L - a scroll of blinking {unknown}
 Q - a scroll of enchant weapon {unknown}
 V - a scroll of magic mapping
 W - a scroll of vulnerability {unknown}
 X - a scroll of brand weapon {unknown}
Potions
 b - a potion of ambrosia
 c - a potion of lignification
 f - 2 potions of haste {unknown}
 h - 4 potions of heal wounds
 k - 4 potions of curing
 x - a potion of cancellation
 E - 2 potions of mutation
 G - a potion of agility {unknown}
 K - 3 potions of flight {unknown}
 M - a potion of invisibility {unknown}
 U - 3 potions of might {unknown}
Books
 o - a book of Maledictions

   Spells                             Type                      Level
   a - Corona                         Hexes                        1
   b - Ensorcelled Hibernation        Hexes/Ice                    2
   c - Confuse                        Hexes                        3
   d - Tukima's Dance                 Hexes                        3
   e - Dazzling Spray                 Conjuration/Hexes            3
 Y - a book of Misfortune

   Spells                             Type                      Level
   a - Confusing Touch                Hexes                        1
   b - Confuse                        Hexes                        3
   c - Gell's Gravitas                Translocation                3
   d - Petrify                        Transmutation/Earth          4
   e - Metabolic Englaciation         Hexes/Ice                    5
   f - Yara's Violent Unravelling     Hexes/Transmutation          5
Comestibles
 g - 22 fruits
 N - 4 bread rations


   Skills:
 - Level 9.0 Fighting
 - Level 9.8 Armour
 - Level 1.5 Dodging
 - Level 2.1 Stealth
 - Level 4.1 Shields
 - Level 8.1 Spellcasting
 - Level 4.3 Conjurations
 + Level 1.0 Hexes
 - Level 0.8 Summonings
 - Level 2.9 Translocations
 - Level 2.0 Fire Magic
 - Level 2.7 Air Magic
 - Level 2.2 Poison Magic


You had 12 spell levels left.
You knew the following spells:

 Your Spells              Type           Power        Failure   Level  Hunger
a - Magic Dart            Conj           ###.         2%          1    None
b - Blink                 Tloc           N/A          8%          2    None
c - Conjure Flame         Conj/Fire      ###.....     13%         3    None
e - Mephitic Cloud        Conj/Pois/Air  ###.....     14%         3    None
i - Call Imp              Summ           ##......     17%         2    None
x - Dazzling Spray        Conj/Hex       ###...       16%         3    None


Dungeon Overview and Level Annotations

Branches:
Dungeon (9/15)             Temple (1/1) D:4            Lair (2/6) D:9
  Swamp: Lair:2-4    Shoals: Lair:2-4     Snake: Lair:2-4    Spider: Lair:2-4
    Orc: D:9-12

Altars:
Ashenzari
Cheibriados
Dithmenos
Elyvilon
Fedhas
Gozag
Hepliaklqana
Kikubaaqudgha
Makhleb
Nemelex Xobeh
Okawaru
Qazlal
Ru
Sif Muna
Trog
Uskayaw
Vehumet
Xom
Yredelemnul
Zin
The Shining One

Shops:
D:8 *   Lair:2 [

Annotations:
Lair:2 exclusion: oklob plant


Innate Abilities, Weirdness & Mutations

You are resistant to torment.
Your stone body is resilient. (AC +7)
You are immune to poison.
You resist negative energy. (rN+)
You are resistant to electric shocks. (rElec)
You can survive without breathing.
You are immune to petrification.
You are immune to rotting.


Message History

The red draconian burns you.
* * * LOW HITPOINT WARNING * * *
You hit the red draconian but do no damage.
Lightning courses through the red draconian!
The red draconian is almost dead.
You block the centaur's attack.
The red draconian hits you but does no damage.
Unknown command.
You completely miss the red draconian.
The red draconian is almost dead.
The air gets thick with the scent of sulphur.
The centaur hits you but does no damage.
The centaur barely misses you.
Unknown command.
You closely miss the red draconian.
The red draconian is almost dead.
The centaur hits you but does no damage.
You block the red draconian's attack. The centaur hits you.
You die...
Your body crumbles into a pile of gold.

##≈≈##
#§§§§## ##
#§§§§c###.#
##§§c$).#.#
#§§§cd!$.#
#≈≈[∩...#
#≈≈(#.#
####d# ##@##
#c#######
#...#...#
#....c...
##...≈≈≈≈≈
##...≈§§≈§≈
##....≈≈§§≈≈
#....≈≈§§§≈≈
##...≈≈§§§§≈§


You could see a red draconian and a centaur.

Vanquished Creatures
  A two-headed ogre (D:9)
  Pikel (D:6)
  A centaur zombie (D:9)
  2 trolls (D:9)
  2 hippogriffs
  Prince Ribbit (D:6)
  Sigmund (D:5)
  A wyvern (D:9)
  A yak (D:9)
  2 water moccasins (D:9)
  A porcupine (Lair:2)
  Purgy (Sewer)
  3 orc warriors
  A black bear (D:6)
  2 ice beasts
  A sky beast (D:8)
  2 phantoms
  A necrophage (D:8)
  2 ogres
  5 centaurs
  4 slaves
  2 wolves (Lair:2)
  3 crocodiles
  A big kobold (D:8)
  4 bullfrogs
  2 water moccasin zombies
  2 scorpions
  4 killer bees (D:7)
  A howler monkey (D:7)
  3 crimson imps
  7 orc priests
  A jelly (D:2)
  2 bullfrog zombies (D:5)
  A centaur skeleton (D:5)
  7 hounds
  11 orc wizards
  2 bullfrog skeletons
  Ijyb (D:5)
  3 iguanas
  6 worker ants
  2 hound zombies (D:5)
  A mummy (D:7)
  3 hound skeletons
  2 howler monkey zombies (D:5)
  2 gnolls
  3 worker ant zombies (D:5)
  4 howler monkey skeletons
  8 adders
  3 river rats (D:5)
  8 oozes
  2 adder zombies
  An adder skeleton (D:5)
  A dart slug (D:2)
  5 leopard geckos
  40 orcs
  7 bats
  14 giant cockroaches
  11 goblins
  5 hobgoblins
  4 jackals (D:2)
  16 kobolds
  8 quokkas
  3 ball pythons
  5 frilled lizards
  A jackal zombie (D:8)
  2 kobold zombies (D:7)
  A leopard gecko skeleton (D:5)
  2 orc zombies (D:7)
  A quokka skeleton (D:5)
  A quokka zombie (D:5)
  14 rats
279 creatures vanquished.

Vanquished Creatures (collateral kills)
  An orc wizard (D:7)
1 creature vanquished.

Vanquished Creatures (others)
  A killer bee (D:7)
  8 toadstools (D:2)
9 creatures vanquished.

Grand Total: 289 creatures vanquished

Notes
Turn   | Place    | Note
-------+----------+-------------------------------------------
     0 | D:1      | letownia2 the Gargoyle Wizard began the quest for the Orb.
     0 | D:1      | Reached XP level 1. HP: 10/10 MP: 4/4
   297 | D:3      | Reached XP level 2. HP: 2/15 MP: 0/6
   447 | D:3      | Learned a level 2 spell: Blink
   558 | D:3      | Reached XP level 3. HP: 15/19 MP: 1/7
   614 | D:2      | Learned a level 3 spell: Conjure Flame
   631 | D:3      | Reached skill level 1 in Translocations
   846 | D:4      | Reached XP level 4. HP: 24/24 MP: 4/8
   851 | D:4      | Learned a level 3 spell: Mephitic Cloud
   861 | D:4      | Found a staircase to the Ecumenical Temple.
   867 | D:4      | Reached skill level 1 in Fire Magic
   871 | D:4      | Reached skill level 1 in Fighting
   871 | D:4      | Reached XP level 5. HP: 29/29 MP: 4/9
   872 | D:4      | Reached skill level 1 in Air Magic
   878 | Temple   | Entered the Ecumenical Temple
  1483 | Temple   | Became a worshipper of Gozag Ym Sagoz the Greedy
  1637 | D:4      | Reached skill level 1 in Poison Magic
  1637 | D:4      | Reached XP level 6. HP: 34/34 MP: 1/10
  3203 | D:2      | Reached XP level 7. HP: 33/40 MP: 6/12
  3369 | D:1      | Found a shattered altar of Ashenzari.
  3842 | D:5      | Entered Level 5 of the Dungeon
  3846 | D:5      | Noticed Ijyb
  3853 | D:5      | Killed Ijyb
  3858 | D:5      | Reached skill level 1 in Armour
  3995 | D:5      | Noticed Sigmund
  4045 | D:5      | Killed Sigmund
  4045 | D:5      | Reached XP level 8. HP: 13/45 MP: 6/15
  4166 | D:5      | Reached skill level 5 in Spellcasting
  4220 | D:5      | Found a glowing drain.
  4262 | Sewer    | Entered a sewer
  4283 | Sewer    | Noticed Purgy
  4352 | Sewer    | Killed Purgy
  4751 | D:5      | Reached skill level 1 in Shields
  5174 | D:6      | Got an ancient chain mail
  5201 | D:6      | Identified the +4 chain mail of the Sailor {Dex+4 Slay+3} (You found it on level 6 of the Dungeon)
  5240 | D:6      | Noticed Prince Ribbit
  5270 | D:6      | Killed Prince Ribbit
  5270 | D:6      | Reached XP level 9. HP: 23/49 MP: 7/19
  5521 | D:6      | Learned a level 3 spell: Dazzling Spray
  5566 | D:6      | Noticed Pikel
  6257 | D:7      | Reached skill level 5 in Armour
  6515 | D:7      | Learned a level 2 spell: Call Imp
  6901 | D:8      | Found an iron altar of Okawaru.
  7221 | D:6      | Killed Pikel
  7221 | D:6      | Reached skill level 5 in Fighting
  7221 | D:6      | Reached XP level 10. HP: 34/59 MP: 17/22
  7854 | D:9      | Found a staircase to the Lair.
  7854 | D:9      | Noticed a two-headed ogre
  8671 | D:9      | Killed a two-headed ogre
  8671 | D:9      | Reached XP level 11. HP: 69/69 MP: 1/23
  8812 | Lair:1   | Entered Level 1 of the Lair of Beasts
  8822 | Lair:1   | Noticed an eight-headed hydra
  9018 | Lair:2   | Noticed an oklob plant
  9161 | Lair:2   | Found a dark tunnel.
  9263 | Volcano  | Entered a volcano
  9299 | Volcano  | Noticed a red draconian
  9322 | Volcano  | Reached skill level 1 in Hexes
  9336 | Volcano  | HP: 3/71 [red draconian/scimitar of flaming (6)]
  9336 | Volcano  | HP: 1/71 [red draconian/scimitar of flaming (2)]
  9339 | Volcano  | Slain by a centaur

Skill      XL: |  1  2  3  4  5  6  7  8  9 10 11 |
---------------+----------------------------------+-----
Conjurations   | 2 3 4 |  4.3
Translocations | 1 2 |  2.9
Fire Magic     | 1 2 |  2.0
Fighting       | 1 2 5 8 9 |  9.0
Air Magic      | 1 2 |  2.7
Poison Magic   | 1 2 |  2.2
Armour         | 3 4 6 9 |  9.8
Spellcasting   | 4 6 8 |  8.1
Shields        | 3 4 |  4.1
Hexes          | 1 |  1.0
Dodging        | |  1.5
Stealth        | |  2.1
Summonings     | |  0.8

Action                   |  1- 3 |  4- 6 |  7- 9 | 10-12 || total
-------------------------+-------+-------+-------+-------++-------
Melee: Whip              |    14 |   176 |   520 |   239 ||   949
 Cast: Magic Dart        |    34 |    82 |   139 |    54 ||   309
       Mephitic Cloud    |       |     6 |    20 |    23 ||    49
       Conjure Flame     |       |       |     8 |    13 ||    21
       Blink             |       |       |       |     2 ||     2
Invok: Call Merchant     |       |       |       |     2 ||     2
Evoke: Wand              |       |       |       |    11 ||    11
  Use: Scroll            |       |       |       |    14 ||    14
       Potion            |       |       |       |     1 ||     1
 Stab: Confused          |       |     1 |     7 |     8 ||    16
       Sleeping          |       |     1 |     3 |       ||     4
  Eat: Chunk             |       |     2 |     4 |     3 ||     9
       Meat ration       |       |     1 |     1 |     1 ||     3
       Royal jelly       |       |     1 |     1 |     2 ||     4
       Fruit             |       |       |     1 |       ||     1
Armor: Robe              |     2 |    11 |       |       ||    13
       Leather armour    |       |    66 |   126 |       ||   192
       Ring mail         |       |       |   177 |   132 ||   309
Dodge: Dodged            |    17 |   116 |   349 |   110 ||   592
Block: Buckler           |       |       |    69 |    58 ||   127
